Map: Stasis LE

Players

Yocto - Winner!

  • Race: Zerg Zerg
  • League: Platinum
  • Spawn Location: 11:00

OldKeyboard

  • Race: Zerg Zerg
  • League: Platinum
  • Spawn Location: 1:00

VOD

Have the link to the VOD?

Description

Time

  • Played on: Dec. 22, 2018, 5:02 a.m.
  • Length: 13:28
Show
View Real Time Build Order
Export as new Build Order

Yocto Zerg - Winner!

Build Orders: Hatch First, Muta Ling Bane 

Get SALT Encoding   

  12  0:01  Drone  
  13  0:14  Overlord  
  13  0:19  Drone  
  14  0:35  Drone  
  14  0:36  Drone  
  14  0:37  Drone  
  17  0:57  Hatchery  
  17  1:00  Drone  
  17  1:09  Extractor  
  17  1:10  Drone  
  17  1:27  Spawning Pool  
  17  1:28  Drone x2  
  18  1:35  Drone  
  19  1:44  Overlord  
  19  1:57  Drone  
  20  2:07  Drone  
  21  2:12  Drone  
  21  2:14  Queen  
  24  2:15  Queen  
  24  2:17  Metabolic Boost  
  24  2:22  Zergling x4  
  28  2:25  Drone  
  29  2:32  Drone  
  29  2:36  Drone  
  31  2:46  Drone x2  
  33  2:54  Lair  
  33  2:56  Queen  
  35  3:00  Overlord  
  35  3:21  Drone x2  
  35  3:25  Extractor  
  36  3:27  Drone x3  
  36  3:30  Drone  
  36  3:34  Overlord x2  
  40  3:44  Drone x4  
  43  3:56  Extractor  
  43  3:57  Baneling Nest, Drone x2  
  43  3:58  Extractor, Drone x4  
  46  4:08  Spire  
  46  4:31  Drone x5  
  46  4:32  Drone  
  52  4:38  Zergling x6  
  54  4:51  Overlord x3, Hatchery  
  53  4:54  Spine Crawler  
  53  4:55  Spine Crawler  
  51  5:01  Queen  
  51  5:05  Baneling  
  53  5:09  Drone x2  
  53  5:13  Drone x2  
  57  5:21  Mutalisk x4  
  62  5:36  Zergling x8  
  62  5:38  Baneling x2  
  66  5:50  Zergling x8  
  66  5:51  Zergling x2  
  71  5:57  Drone x2  
  73  6:17  Drone  
  74  6:19  Evolution Chamber  
  74  6:20  Drone x6  
  74  6:21  Drone x3  
  74  6:24  Queen, Extractor  
  83  6:27  Extractor  
  83  6:28  Mutalisk x2  
  86  6:36  Mutalisk  
  86  6:37  Mutalisk  
  90  6:41  Overlord  
  90  6:59  Overlord x5  
  90  7:06  Zerg Melee Weapons Level 1  
  90  7:12  Mutalisk x4  
  96  7:15  Evolution Chamber  
  83  7:26  Zergling x2  
  83  7:27  Zergling x20  
  92  7:36  Zergling x4  
  92  7:37  Zergling x4  
  83  8:05  Zergling x4  
  83  8:06  Zergling x8  
  83  8:11  Drone  
  83  8:12  Queen, Drone x3  
  93  8:19  Zerg Ground Armor Level 1  
  95  8:20  Centrifical Hooks  
  95  8:24  Drone x3  
  98  8:41  Mutalisk x6, Hatchery  
  109  8:48  Queen  
  109  8:55  Mutalisk x3  
  111  8:56  Mutalisk x3  
  111  9:00  Baneling x3  
  111  9:02  Baneling  
  123  9:03  Baneling x4  
  123  9:07  Hatchery  
  123  9:08  Extractor x2  
  120  9:12  Mutalisk x3  
  118  9:38  Drone  
  118  9:39  Drone x2  
  118  9:42  Drone x3  
  124  9:47  Mutalisk x7  
  138  9:56  Overlord x2  
  138  9:57  Overlord x2  
  138  10:03  Zerg Melee Weapons Level 2  
  138  10:16  Drone x5  
  138  10:17  Drone x4  
  138  10:20  Zerg Flyer Weapons Level 1  
  147  10:25  Infestation Pit  
  146  10:31  Zergling x8  
  146  10:32  Zergling x12  
  156  10:40  Queen  
  158  10:48  Spire  
  157  10:55  Zergling x16  
  157  10:56  Zergling x10  
  170  11:00  Queen  
  172  11:07  Zerg Ground Armor Level 2  
  172  11:12  Hive  
  172  11:20  Overlord  
  172  11:21  Overlord x2  
  172  11:23  Corruptor x2  
  176  11:35  Overlord x4  
  176  11:46  Queen  
  178  11:59  Spine Crawler x2  
  157  12:29  Zergling x24  
  144  12:30  Zergling x30  
  135  12:39  Zergling x2  
  132  12:45  Zergling x12  
  136  12:54  Zergling x8  
  138  13:08  Zergling x8  
Show
View Real Time Build Order
Export as new Build Order

OldKeyboard Zerg 

Build Orders: Hatch First 

Get SALT Encoding   

  12  0:01  Drone  
  13  0:08  Drone  
  14  0:18  Overlord  
  14  0:29  Extractor  
  14  0:30  Drone  
  15  0:38  Drone  
  15  0:39  Drone  
  17  1:00  Hatchery, Drone  
  17  1:05  Drone  
  18  1:22  Extractor  
  18  1:24  Spawning Pool  
  16  1:26  Drone  
  16  1:29  Drone  
  18  1:34  Drone  
  18  1:39  Overlord  
  19  1:57  Drone  
  20  2:02  Drone  
  21  2:10  Queen  
  21  2:13  Drone x2  
  21  2:15  Queen  
  27  2:24  Drone  
  27  2:25  Drone  
  29  2:34  Zergling x2  
  29  2:36  Zergling x2  
  31  2:41  Metabolic Boost  
  31  2:44  Overlord  
  31  2:59  Queen x2  
  31  3:02  Overlord  
  35  3:07  Overlord  
  35  3:11  Drone  
  35  3:12  Drone x2  
  38  3:26  Zergling x2  
  38  3:27  Zergling x8  
  43  3:56  Zergling x2  
  43  3:57  Zergling x10  
  43  4:00  Extractor  
  43  4:02  Extractor  
  47  4:08  Roach Warren  
  47  4:09  Drone x2  
  48  4:27  Hatchery  
  47  4:37  Drone  
  47  4:38  Drone x8  
  56  5:10  Roach x2  
  56  5:11  Overlord  
  56  5:12  Overlord x5  
  58  5:39  Roach x7  
  72  5:44  Drone  
  73  6:00  Spore Crawler, Extractor  
  73  6:01  Extractor  
  73  6:02  Spine Crawler  
  69  6:04  Spore Crawler  
  68  6:12  Ravager x6  
  68  6:13  Ravager x2  
  68  6:14  Zergling x8  
  68  6:15  Zergling x20  
  90  6:21  Drone x3  
  90  6:22  Drone  
  94  6:47  Roach  
  94  6:48  Roach x6  
  108  6:55  Extractor  
  108  6:59  Lair  
  108  7:00  Evolution Chamber x2  
  105  7:05  Roach  
  83  7:30  Spore Crawler  
  83  7:33  Spore Crawler  
  78  7:37  Spore Crawler  
  78  7:42  Spore Crawler  
  74  7:44  Spore Crawler  
  72  8:14  Zerg Missile Weapons Level 1  
  72  8:16  Hydralisk Den  
  71  8:23  Zerg Ground Armor Level 1  
  71  8:25  Drone x16  
  71  8:26  Drone x7  
  94  8:57  Hydralisk  
  94  8:58  Hydralisk x2  
  94  9:01  Zergling x12  
  106  9:19  Hatchery  
  106  9:23  Overlord x8  
  91  9:43  Drone  
  91  9:44  Drone x8  
  100  10:14  Hydralisk x6  
  100  10:19  Drone x3  
  115  10:25  Drone x4  
  119  10:40  Drone x3  
  119  10:41  Drone x6  
  128  10:48  Extractor, Drone  
  128  10:49  Drone  
  129  11:10  Grooved Spines, Zerg Missile Weapons Level 2, Infestation Pit  
  128  11:11  Spore Crawler  
  128  11:12  Spore Crawler  
  128  11:13  Spine Crawler  
  125  11:29  Hydralisk x4  
  125  11:32  Zergling x2  
  134  11:33  Zergling x26  
  147  11:55  Zergling x6  
  147  11:56  Zergling x30  
  165  12:09  Spire  
  132  12:36  Hydralisk x8  
  102  12:52  Hydralisk x3  
  91  12:59  Extractor  
  91  13:00  Drone x13  
  91  13:04  Drone  
Tags
 
Composition
Muta Ling Bane
Matchup
ZvZ
Race
Zerg
Replay Pack
Yocto
Spawn Locations
Close Positions
Add a new tag
Caveats
  • Supply blocks, unpowered buildings, or Contaminate may cause inaccurate times.
  • Supply counts are checked every 10 seconds.